 Dungeon Crawl Stone Soup version bcrawl-1.34.4 (webtiles) character file.

Game seed: 10609639497872778563

134198 KristoblXynda the Cutter (level 4, 0/33 HPs)
             Began as a Kobold Gladiator on Oct 26, 2021.
             Killed from afar by Sigmund (5 damage)
             ... with a magic dart
             ... on level 2 of the Dungeon.
             The game lasted 00:01:58 (1437 turns).

KristoblXynda the Cutter (Kobold Gladiator)         Turns: 1437, Time: 00:01:58

Health: 0/33       AC:  5    Str: 12    XL:     4   Next: 37%
Magic:  4/4        EV: 16    Int:  9    God:
Gold:   106        SH:  0    Dex: 17    Spells: 3/3 levels left

rFire    . . .     SeeInvis .   a - +0 rapier
rCold    . . .     Gourm    .   (shield restricted)
rNeg     . . .     Faith    .   b - +0 leather armour
rPois    .         Spirit   .   c - +0 helmet
rElec    .         Reflect  .   q - +0 cloak
rCorr    .         Harm     .   (no gloves)
MR       .....                  (no boots)
Stlth    ++........             (no amulet)
HPRegen  0.11/turn              (no ring)
MPRegen  0.09/turn              (no ring)

@: no status effects
A: small, talons 1, carnivore, mutation resistance 1, sense surroundings 2
a: no special abilities


You were on level 2 of the Dungeon.
You were completely stuffed.

You visited 1 branch of the dungeon, and saw 2 of its levels.

You collected 106 gold pieces.

Inventory:

Hand Weapons
 a - a +0 rapier (weapon)
Missiles
 d - 2 throwing nets (quivered) {=f}
Armour
 b - a +0 leather armour (worn)
 c - a +0 helmet (worn)
 q - a +0 cloak (worn)
Scrolls
 h - 2 scrolls of enchant armour {unknown}
 j - a scroll of amnesia {unknown}
 l - a scroll of remove curse {unknown}
 m - a scroll of fog {unknown}
 o - 2 scrolls of teleportation {unknown}
 p - a scroll of fear {unknown}
 u - a scroll of magic mapping {unknown}
Potions
 f - a potion of heal wounds
 g - 2 potions of mutation
 k - a potion of might {unknown}
 n - 2 potions of haste
 r - a potion of agility {unknown}
 s - a potion of brilliance {unknown}
 t - 2 potions of cancellation {unknown}
 v - a potion of resistance {unknown}
Comestibles
 e - 3 rations {!d}
 w - 4 chunks of flesh


   Skills:
 + Level 3.9 Fighting
 + Level 4.7 Short Blades
 - Level 3.4 Throwing
 + Level 4.3 Dodging
 + Level 1.1 Stealth


You had 3 spell levels left.
You didn't know any spells.
Your spell library was empty.

Dungeon Overview and Level Annotations

Branches:
Dungeon (2/12)

Altars:
Nemelex Xobeh
Vehumet
Xom
The Shining One

Annotations:
D:2 Sigmund


Innate Abilities, Weirdness & Mutations

You are small and have problems with some larger weapons.
You have sharp toenails.
You are carnivorous and can eat meat at any time.
You are somewhat resistant to further mutation.
You passively map the area around you.


Message History

Sigmund is heavily wounded.
Sigmund says, "Don't worry, I'll kill you fast."
Sigmund closely misses you.
You hit Sigmund.
Sigmund is severely wounded.
Sigmund hits you with a +0 scythe of freezing.
* * * LOW HITPOINT WARNING * * *
Sigmund freezes you.
* * * LOW HITPOINT WARNING * * *
You barely miss Sigmund. You claw Sigmund, but do no damage.
Sigmund is severely wounded.
Throwing (i - inventory)
d - 3 throwing nets (quivered)
{=f}
Press: ? - help, Shift-Dir - straight line, f - Sigmund
Aim: Sigmund, wielding a +0 scythe of freezing and wearing a +0 robe (severely wounded)
You throw a throwing net {=f}. The throwing net {=f} hits Sigmund.
Sigmund is caught in the net!
Sigmund is severely wounded.
Sigmund gestures at you while chanting. The magic dart hits you.
You die...

##############
#...>.........
#.#.#.######.#
#..###.......#
#####.#.#.########
#.<...##.## ##.
#.######.#######..
#@# #...........
#@# #..##...##.#
#.# #..##.#.....
#.# ###..##.#.##.#
#.# #.......#.....
#.#*#.#.)#######..
#...#.#.....#.....
###.#.#...#..(....
#.........._....


You could see Sigmund (caught).

Vanquished Creatures
  Robin (D:2)
  2 dart slugs (D:1)
  5 leopard geckos
  An orc (D:2)
  2 giant cockroaches (D:1)
  4 goblins (D:1)
  6 hobgoblins
  4 jackals (D:2)
  7 bats
  6 kobolds (D:1)
  5 rats
43 creatures vanquished.

Notes
Turn   | Place    | Note
-------+----------+-------------------------------------------
     0 | D:1      | KristoblXynda the Kobold Gladiator began the quest for the
                  | Orb.
     0 | D:1      | Reached XP level 1. HP: 16/16 MP: 1/1
    65 | D:1      | Reached XP level 2. HP: 17/21 MP: 2/2
   310 | D:1      | Reached XP level 3. HP: 26/26 MP: 3/3
   790 | D:2      | Found a radiant altar of Vehumet.
   790 | D:2      | Noticed Robin
   799 | D:2      | Killed Robin
   800 | D:2      | Reached XP level 4. HP: 33/33 MP: 4/4
   809 | D:2      | Found a shimmering altar of Xom.
   991 | D:2      | Reached skill level 1 in Stealth
  1203 | D:2      | Found a sparkling altar of Nemelex Xobeh.
  1387 | D:2      | Found a glowing golden altar of the Shining One.
  1427 | D:2      | Noticed Sigmund
  1437 | D:2      | Killed from afar by Sigmund

Skill      XL: |  1  2  3  4 |
---------------+-------------+-----
Throwing       | 3 |  3.4
Dodging        | 4 |  4.3
Stealth        | 1 |  1.1
Fighting       | |  3.9
Short Blades   | |  4.7

Action                   |  1- 3 |  4- 6 || total
-------------------------+-------+-------++-------
Melee: Rapier            |    67 |    36 ||   103
       Kick              |    10 |     8 ||    18
Throw: Throwing net      |       |     1 ||     1
  Use: Scroll            |       |     2 ||     2
 Stab: Sleeping          |       |     1 ||     1
  Eat: Chunk             |     9 |     3 ||    12
Armor: Leather armour    |    16 |     4 ||    20
Dodge: Dodged            |    61 |    19 ||    80
